Zazza, neutral female human Tourist ----- ----------- |...| ------------- |.........| |...|########################.....>......| |<.........# |...|# ------------- |...........| |.........|# |...-# #|...........| ##............| |.........|# -|---# #|...........| # |...........| -------.---# ########## #|...-----...| ####............| ## # # # # #|...|.{.|...| # ------------- # # # # # #|...|{.{.....#### # # : #i##|...|.{.|...| # # # ##|...-----...| # ### # ##............| ---------.- # -----i- #|...........| |..........# ##.f..f..#####------------- |.........| |.f.@r| |.........| |(....| ----------- ------- Zazza the Rambler Experience level: 2 Strength: 13 Dexterity: 12 Constitution: 17 Intelligence: 10 Wisdom: 6 Charisma: 18 Health: 0(20) Energy: 5(5) Def: 1 Gold: 1652 Moves: 2009 Dungeon seed: j8bF31ea-FrNxlqk Game ID: Zazza_1619678474 Your Inventory: Coins $ - 1652 gold pieces Amulets s - an uncursed amulet of ESP (being worn) Weapons a - 35 +2 darts (in quiver) c - a +0 dagger d - a cursed +1 dagger g - 32 cursed +2 darts B - 17 +0 darts Armor e - an uncursed +0 Hawaiian shirt (being worn) v - a cursed +0 Hawaiian shirt w - an uncursed +0 orcish helm y - an uncursed +0 pair of elven boots (being worn) G - a cursed +0 pair of low boots Comestibles b - 6 cursed food rations f - 14 uncursed food rations h - an uncursed egg u - an uncursed egg Scrolls j - 2 uncursed scrolls of magic mapping n - a cursed scroll of create monster t - an uncursed scroll of taming D - an uncursed scroll of food detection E - a cursed scroll of light H - an uncursed scroll of teleportation I - a blessed scroll of create monster Q - a cursed scroll of enchant armor R - a cursed scroll of food detection S - a cursed scroll of enchant weapon Spellbooks A - an uncursed spellbook of stone to flesh C - an uncursed spellbook of slow monster F - an uncursed spellbook of sleep Potions i - an uncursed potion of extra healing o - a blessed potion of invisibility p - an uncursed potion of acid x - an uncursed potion of object detection z - an uncursed potion of gain level J - an uncursed potion of water K - an uncursed potion of healing V - a cursed potion of gain ability X - a cursed potion of extra healing Z - a cursed potion of speed Rings L - a cursed ring of slow digestion M - a cursed ring of protection from shape changers Wands m - a wand of teleportation (0:5) O - a cursed wand of magic missile (0:3) P - a cursed wand of enlightenment (0:10) T - a cursed wand of nothing (0:4) U - a cursed wand of secret door detection (0:9) W - a cursed wand of lightning (0:5) Tools k - an expensive camera (0:32) l - an uncursed credit card Gems q - an uncursed worthless piece of violet glass r - 2 uncursed worthless pieces of black glass N - 2 uncursed worthless pieces of blue glass Y - an uncursed worthless piece of orange glass Spells and supernatural/magical abilities: Name Level Category Fail Memory W - pray for help -- divine ? -- Your skills at the end: Fighting Skills Weapon Skills dart [Basic] Spellcasting Skills Final Attributes: You were nominally aligned. You were telepathic. You were stealthy. You were lucky. You are dead. Vanquished creatures: a leprechaun 2 floating eyes a giant bat 2 coyotes 6 manes 2 large kobolds 2 giant rats a brown mold 2 red molds a gecko a jackal 2 foxes 2 sewer rats 2 grid bugs 5 lichens 32 creatures vanquished. Voluntary challenges: You were an atheist. You never hit with a wielded weapon. You read items or engraved 6 times, starting on turn 88. You never genocided any monsters. You never polymorphed an object. You never changed form. You used no wishes. You never split a pudding. You wrote Elbereth's name 3 times, starting on turn 447. You never violated your personal moral code. Dungeon overview: The Dungeons of Doom: levels 1 to 6 Level 1 a long staircase Level 2 a general store, a fountain, a sink Level 3 some fountains stairs to The Gnomish Mines Level 4 some fountains Level 5 some fountains Level 6 <- You were here many fountains The Gnomish Mines: Level 4 stairs to The Dungeons of Doom History has recorded: On T:1 you entered the Dungeons of Doom to retrieve the Amulet of Yendor! On T:75 you reached level 2 of The Dungeons of Doom. On T:417 you reached level 3 of The Dungeons of Doom. On T:475 you reached level 1 of The Gnomish Mines. On T:679 you reached level 4 of The Dungeons of Doom. On T:1539 you reached level 5 of The Dungeons of Doom. On T:1746 you reached level 6 of The Dungeons of Doom. On T:1879 you advanced to experience level 2. Score breakdown: Gold: 1039 (10262 points) Experience: 2 levels ( 5570 points) Exploration: 6 levels ( 12.00%) ( 9583 points) Discoveries: 1 item ( 0.34%) ( 1737 points) Valuables value: (no points given unless you survive) Artifact value: 0 ( 0 points) Variety of kills: 15 monsters ( 3.94%) ( 5952 points) Turncount: 2009 turns ( -7 points) Survival: died (score multiplied by 80%) Total score: 26477 Latest messages: You hear some noises. Your knapsack cannot accommodate any more items. There is a grave here. Something is engraved here on the headstone. You read: "Zazza, killed by a rabid rat". There are a few objects here. The acid blob bumps right into you! Your knapsack cannot accommodate any more items. Never mind. You stop. Armand is in the way! The acid blob bumps right into you! You displace Armand. You hear some noises. The rabid rat bites! The rabid rat's bite was poisoned! The rabid rat bites! The rabid rat's bite was poisoned! You die... Final status: Aloha Zazza the Tourist, poisoned by a rabid rat... You died in The Dungeons of Doom on dungeon level 6 with 26477 points, and 1652 pieces of gold, after 2009 moves. You were level 2 with a maximum of 20 hit points when you died.